Cogmind - Beta 9.1 @@@ ROGUE MODE // 2019.11.07 @ 01:08:58 Player: Korywon Result: Destroyed by S-10 Pest with Light Assault Rifle Performance ------------- Evolutions (1) 500 Regions Visited (3) 600 Robots Destroyed (48) 240 Value Destroyed (1078) 1078 Prototype IDs (2) 40 Alien Tech Used (0) 0 Bonus (0) 0 TOTAL SCORE: 2458 Bonus ------- None Cogmind --------- Core Integrity 0/400 Matter 300/300 Energy 280/280 System Corruption 0% Temperature Cool (33) Location -9/Materials Parts ------- Power (1) Heavy Ion Engine Propulsion (3) Light Treads Light Treads Aluminum Leg Utility (3) Thermal Generator Large Storage Unit Signal Interpreter Weapon (2) Shock Rifle Shock Rifle Inventory (10) Heavy Ion Engine Aluminum Leg Improved Flight Unit High-capacity Matter Pod (200) Electrolaser Electrolaser Ion Cannon Ion Cannon Ion Cannon Heavy Hammer Peak State ------------ Power Heavy Ion Engine Propulsion Light Treads Aluminum Leg Improved Flight Unit Utility Improved Heat Sink Large Storage Unit Signal Interpreter Weapon Shock Rifle Shock Rifle Inventory Heavy Ion Engine Thermal Generator Thermal Generator High-capacity Matter Pod Electrolaser Electrolaser Electrolaser Electrolaser Heavy Hammer [Rating: 21] Favorites ----------- Power Ion Engine Engine Ion Engine Power Core Light Nuclear Core Propulsion Light Treads Treads Light Treads Leg Aluminum Leg Wheel Compact Wheel Flight Unit Improved Flight Unit Utility Signal Interpreter Device Improved Heat Sink Storage Large Storage Unit Processor Signal Interpreter Weapon Shock Rifle Energy Gun Shock Rifle Ballistic Gun Light Assault Rifle Launcher Rocket Launcher Special Weapon Mining Laser Special Melee Weapon Datajack Build | -11 -10 -10 -9 ------- Run | Scr Mat Min Mat Slots Evolved 2 | . . . 2 Power . | . . . . Propulsion 1 | . . . 1 Utility 1 | . . . 1 Weapon . | . . . . Parts Attached 42 | 6 14 5 17 Power 5 | 1 2 . 2 Engine 4 | 1 2 . 1 Core 1 | . . . 1 Reactor . | . . . . Propulsion 16 | 2 4 2 8 Treads 5 | 1 1 . 3 Leg 6 | . 2 . 4 Wheel 4 | 1 1 2 . Hover . | . . . . Flight 1 | . . . 1 Utility 6 | 1 2 . 3 Device 3 | . . . 3 Storage 2 | 1 1 . . Processor 1 | . 1 . . Hackware . | . . . . Protection . | . . . . Artifact . | . . . . Weapon 15 | 2 6 3 4 Energy Gun 6 | . 3 . 3 Energy Cannon . | . . . . Ballistic Gun 5 | 2 . 2 1 Ballistic Cannon . | . . . . Launcher 1 | . . 1 . Special Weapon 2 | . 2 . . Impact Weapon . | . . . . Slashing Weapon . | . . . . Piercing Weapon . | . . . . Special Melee Weapon 1 | . 1 . . Unidentified Prototypes 2 | . . . 2 Parts Lost 25 | . 12 4 9 Power 3 | . 2 1 . Propulsion 11 | . 4 2 5 Utility 2 | . . . 2 Weapon 9 | . 6 1 2 Highest Loss Streak 8 | . 8 5 4 Average Slot Usage (%) 89 | . 90 82 90 Engine 6 | . 13 1 2 Core 2 | . . . 5 Treads 12 | . 17 . 11 Leg 10 | . 7 2 15 Wheel 5 | . 3 25 2 Device 5 | . . . 10 Storage 12 | . 14 14 11 Processor 10 | . 9 14 11 Energy Gun 11 | . 5 . 17 Ballistic Gun 9 | . 15 16 3 Launcher 1 | . . 7 1 Naked Turns . | . . . . Heaviest Build 37 | 12 25 22 37 Greatest Support 40 | 10 40 32 40 Greatest Overweight (x) 5 | 3 1 5 2 Average Overweight (x) . | 1 . . . Largest Inventory Capacity 10 | 6 10 10 10 Average Capacity 8 | 5 7 10 10 Most Carried 10 | 6 7 4 10 Average Carried 6 | 3 5 2 7 Final Capacity 10 | 6 10 10 10 Final Carried 10 | 6 3 4 10 Class Distribution -------------------- 54% | Mutant 45% | Scavenger-Mutant Dominant Class ---------------- Mutant | -10/Materials Mutant | -10/Mines Scavenger-Mutant | -9/Materials Resources | -11 -10 -10 -9 ----------- Run | Scr Mat Min Mat Matter Collected 947 | 113 423 57 354 Remotely . | . . . . Salvage Created 1412 | . 553 37 822 Parts 86 | . 40 2 44 Haulers Intercepted 2 | . 1 . 1 Recyclers Shooed 2 | . 2 . . Parts Field Recycled . | . . . . Retrieved Matter . | . . . . Parts Self-Destructed . | . . . . Prevented . | . . . . Kills | -11 -10 -10 -9 ------- Run | Scr Mat Min Mat Combat Hostiles Destroyed 30 | . 9 2 19 Melee 1 | . 1 . . Guns 21 | . 8 2 11 AOE 6 | . . . 6 Classes Destroyed 10 | . 6 . 4 Worker 8 | . 6 . 2 Builder 1 | . 1 . . Tunneler 1 | . . . 1 Hauler 2 | . 1 . 1 Recycler 2 | . . . 2 Watcher 4 | . 3 . 1 Swarmer 8 | . 1 2 5 Grunt 16 | . 8 . 8 Duelist 1 | . . . 1 Sentry 5 | . . . 5 Best Kill Streak 8 | . 8 2 5 Combat Bots Only 4 | . 3 2 4 Max Kills in Single Turn 2 | . 1 1 2 Gunslinging . | . . . . Exploded 1 | . . . 1 Melee 1 | . 1 . . Uniques/NPCs Destroyed . | . . . . Combat | -11 -10 -10 -9 -------- Run | Scr Mat Min Mat Damage Taken 2552 | . 1103 311 1138 Core 626 | . 106 115 405 Absorbed by Shields . | . . . . Core Remaining (%) 55 | 100 . 11 . Volleys Fired 138 | . 75 7 56 Largest 2 | . 2 1 2 Hottest 200 | . 200 20 100 Shots Fired 256 | . 138 7 111 Gun 224 | . 124 7 93 Cannon . | . . . . Launcher 18 | . . . 18 Special 14 | . 14 . . Kinetic 110 | . 87 7 16 Thermal 56 | . 51 . 5 Explosive 18 | . . . 18 Electromagnetic 72 | . . . 72 Robot Hit Streak 11 | . 6 2 11 Robot Miss Streak 8 | . 8 6 6 Penetration Max . | . . . . Secondary Targets 4 | . 3 . 1 Max Gunslinging Chain 1 | . 1 . 1 Shots Hit Robots 140 | . 70 4 66 Core Hits 75 | . 33 4 38 Critical Hits 1 | . 1 . . Critical Kills 1 | . 1 . . Critical Parts Destroyed . | . . . . Melee Attacks 5 | . 5 . . Impact . | . . . . Slashing . | . . . . Piercing . | . . . . Sneak Attacks . | . . . . Combat Hostiles . | . . . . Follow-up Attacks . | . . . . Damage Inflicted 2706 | . 862 60 1784 Guns 1903 | . 824 39 1040 Cannons . | . . . . Explosions 744 | . . . 744 Melee . | . . . . Ramming 35 | . 14 21 . Kinetic 695 | . 549 39 107 Thermal 443 | . 299 . 144 Explosive 673 | . . . 673 Electromagnetic 860 | . . . 860 Impact . | . . . . Slashing . | . . . . Piercing . | . . . . Highest Corruption 1 | . . 1 . Average Corruption 1 | . . 1 . Corruption Purged . | . . . . Effects 1 | . . 1 . Energy Discharges 1 | . . 1 . Overload Shots . | . . . . Overflow Damage . | . . . . Projectiles . | . . . . Explosions . | . . . . Melee . | . . . . Knockbacks . | . . . . Impact . | . . . . Kinetic . | . . . . Secondary . | . . . . Self-Inflicted Damage 36 | . 3 7 26 Shots 1 | . . . 1 Rammed 8 | . 2 6 . Targets Rammed 11 | . 4 7 . Kicked 3 | . 2 1 . Crushed . | . . . . Highest Temperature 430 | . 430 . 165 Average Temperature 124 | . 153 . 53 Received Heat Transfer 831 | . 543 . 288 Effects 8 | . 8 . . Shutdowns 2 | . 2 . . Interference 2 | . 2 . . Matter Decay 2 | . 2 . . Damage (minor) 2 | . 2 . . Siege Activations . | . . . . Robots Corrupted 2 | . . . 2 Combat Hostiles 2 | . . . 2 Parts Fried 4 | . . . 4 Impact Corruptions . | . . . . Robots Melted . | . . . . Combat Hostiles . | . . . . Parts Melted . | . . . . Heat Transferred 1062 | . 827 . 235 Parts Sabotaged . | . . . . Parts Stolen . | . . . . Parts Stripped . | . . . . Power Chain Reactions 1 | . . . 1 Missiles Intercepted . | . . . . Alert | -11 -10 -10 -9 ------- Run | Scr Mat Min Mat Peak Influence 311 | . 194 50 311 Average Influence 84 | . 41 43 132 Maximum Alert Level 1 | . . . 1 Low Security (%) 90 | . . . . Level 1 9 | . . . . Level 2 . | . . . . Level 3 . | . . . . Level 4 . | . . . . Level 5 . | . . . . High Security . | . . . . Max Security . | . . . . Squads Dispatched 2 | . 2 . . Investigation 1 | . 1 . . Extermination . | . . . . Reinforcement 1 | . 1 . . Assault . | . . . . Garrison . | . . . . Intercept . | . . . . Construction Impeded . | . . . . Haulers Reinforced . | . . . . Stealth | -11 -10 -10 -9 --------- Run | Scr Mat Min Mat Distress Signals 4 | . 2 . 2 Communications Jammed . | . . . . Distress Signals . | . . . . Times Spotted 57 | . 23 3 31 Peak Tracking Total 6 | . 6 3 4 Tactical Retreats 3 | . 1 . 2 Traps | -11 -10 -10 -9 ------- Run | Scr Mat Min Mat Traps Triggered 1 | . 1 . . Indirectly . | . . . . Trap Hack Attempts . | . . . . Triggered . | . . . . Disarmed . | . . . . Reprogrammed . | . . . . Reused . | . . . . Traps Extracted . | . . . . Installed . | . . . . Triggered . | . . . . Machines | -11 -10 -10 -9 ---------- Run | Scr Mat Min Mat Machines Disabled 3 | . . . 3 Max in Single Turn 1 | . . . 1 Machines Sabotaged . | . . . . Garrisons Compromised . | . . . . Overloaded Fab Kills . | . . . . Fab Network Shutdowns . | . . . . Hacking | -11 -10 -10 -9 --------- Run | Scr Mat Min Mat Machines Accessed 5 | . 3 . 2 Terminals 5 | . 3 . 2 Fabricators . | . . . . Repair Stations . | . . . . Recycling Units . | . . . . Scanalyzers . | . . . . Garrison Access . | . . . . Total Hacks 14 | . 8 . 6 Successful 6 | . 4 . 2 Failed 8 | . 4 . 4 Catastrophic . | . . . . Database Lockouts . | . . . . Manual 14 | . 8 . 6 Terminals 14 | . 8 . 6 Fabricators . | . . . . Repair Stations . | . . . . Recycling Units . | . . . . Scanalyzers . | . . . . Garrison Access . | . . . . Terminal Hacks . | . . . . Fabricator Hacks . | . . . . Repair Station Hacks . | . . . . Recycling Unit Hacks . | . . . . Scanalyzer . | . . . . Garrison Access Hacks . | . . . . Unauthorized Hacks 20 | . 12 . 8 Terminals 6 | . 4 . 2 Track 3 | . 2 . 1 Assimilate 2 | . 2 . . Botnet 1 | . . . 1 Fabricators . | . . . . Repair Stations . | . . . . Recycling Units . | . . . . Scanalyzers . | . . . . Garrison Access . | . . . . Data Cores Recovered . | . . . . Used . | . . . . Hacking Detections 5 | . 3 . 2 Full Trace Events . | . . . . Feedback Events . | . . . . Feedback Blocked . | . . . . Robot Schematics Acquired . | . . . . Robots Built . | . . . . Matter . | . . . . Time . | . . . . Total Robot Build Rating . | . . . . Part Schematics Acquired . | . . . . Parts Built . | . . . . Matter . | . . . . Time . | . . . . Total Part Build Rating . | . . . . Parts Repaired . | . . . . Time . | . . . . Parts Recycled . | . . . . Recycled Matter . | . . . . Retrieved Matter . | . . . . Retrieved Components . | . . . . Parts Scanalyzed . | . . . . Part Schematics Acquired . | . . . . Parts Damaged . | . . . . Bothacking | -11 -10 -10 -9 ------------ Run | Scr Mat Min Mat Used RIF Installer . | . . . . Robots Hacked 1 | . 1 . . Non-combat . | . . . . Combat 1 | . 1 . . Robot Hacks Applied 1 | . 1 . . parse_system 1 | . 1 . . Relay Couplers Released . | . . . . Robots Rewired . | . . . . Allies Hacked . | . . . . Hacks Repelled . | . . . . Allies | -11 -10 -10 -9 -------- Run | Scr Mat Min Mat Total Allies . | . . . . Largest Group . | . . . . Highest-Rated Group . | . . . . Highest-Rated Ally . | . . . . Total Orders . | . . . . Ally Attacks . | . . . . Total Damage . | . . . . Kills . | . . . . Allies Corrupted . | . . . . Allies Melted . | . . . . Intel | -11 -10 -10 -9 ------- Run | Scr Mat Min Mat Robot Analysis Total . | . . . . Derelict Logs Recovered 1 | . . 1 . Drone Launches . | . . . . Drone Recoveries . | . . . . Exploration | -11 -10 -10 -9 ------------- Run | Scr Mat Min Mat Turns Passed 2870 | 94 1124 261 1391 Spaces Moved 1354 | 76 498 195 585 Core 22 | 21 . 1 . Treads 706 | . 244 . 462 Legs 154 | . 123 3 28 Wheels 472 | 55 131 191 95 Hover . | . . . . Flight . | . . . . Fastest Speed 50 | 50 90 100 100 Average Speed 142 | 100 138 101 164 Slowest Speed 300 | 200 160 300 180 Overloaded Moves . | . . . . Propulsion Burnouts . | . . . . Robots Hopped . | . . . . Cave-ins Triggered . | . . . . Exploration Rate (%) 30 | 3 48 41 31 Regions Visited 3 Branch Regions 1 Pre-discovered Areas . | . . . . Known Exits Taken 2 | . 1 1 . Unknown Exits Taken 1 | 1 . . . Scrap Searched . | . . . . Spaces Dug 9 | . 9 . . Terrain Destroyed 133 | . 9 . 124 Melee . | . . . . Projectile 9 | . 9 . . AOE 124 | . . . 124 Actions | -11 -10 -10 -9 --------- Run | Scr Mat Min Mat Total 2021 | 93 768 248 912 Wait 397 | . 153 29 215 Move 1351 | 75 497 194 585 Hop . | . . . . Pick Up 58 | 12 14 5 27 Fast Attach . | . . . . Attach 39 | 6 13 5 15 Detach 5 | . 1 1 3 Swap 3 | . 1 . 2 Drop 14 | . 5 . 9 Fire 138 | . 75 7 56 Melee 5 | . 5 . . Ram . | . . . . Kick 11 | . 4 7 . Crush . | . . . . Escape Stasis . | . . . . Rewire . | . . . . Trap . | . . . . Miscellaneous . | . . . . Route ------- -11/Scrapyard -10/Materials (discovered 2 exits: *Mat / *Min) -10/Mines -9/Materials (discovered 1 exit: [*Min]) History --------- Turn | Location | Event 8 | -11/Scrapyard | Discovered new exit (range 16) 95 | -11/Scrapyard | Entered Materials 305 | -10/Materials | Build established: Mutant 360 | -10/Materials | Discovered new exit (range 12) 648 | -10/Materials | Identified exit to Materials 1009 | -10/Materials | Lost 8 parts (1p3n4w) 1099 | -10/Materials | Discovered new exit (range 8) 1121 | -10/Materials | Identified exit to Mines 1219 | -10/Materials | Entered Mines 1224 | -10/Mines | Core integrity fell below 50% 1250 | -10/Mines | Core integrity fell below 20% 1265 | -10/Mines | Lost 5 parts (1p2n2w) 1330 | -10/Mines | Received a Rocket Launcher from a helpful Derelict 1470 | -10/Mines | Discovered exit to Materials (range 11) 1473 | -10/Mines | Learned Materials security intel 1480 | -10/Mines | Entered Materials 1480 | -9/Materials | Evolved 2 slots: Propulsion x1, Utility x1 1652 | -9/Materials | Core integrity fell below 50% 1694 | -9/Materials | Lost 4 parts (2n2w) 1867 | -9/Materials | Build established: Scavenger-Mutant 2663 | -9/Materials | Core integrity fell below 20% 2715 | -9/Materials | Lost 3 parts (1n2u) 2748 | -9/Materials | Discovered new exit (range 7) 2871 | -9/Materials | Destroyed by S-10 Pest with Light Assault Rifle Last Messages --------------- 02782_ U-05 Engineer lays Concrete. 02782_ S-10 Pest destroyed. 02783_ K-01 Serf collects debris. 02784_ U-05 Engineer lays Concrete. 02787_ K-01 Serf collects debris. 02787_ U-05 Engineer lays Concrete. 02792_ K-01 Serf collects debris. 02792_ U-05 Engineer builds a Wall. 02793_ U-05 Engineer lays Concrete. 02814_ Dropped Electrolaser. 02816_ K-01 Serf cleans the Machine. 02833_ Acquired Ion Cannon. 02847_ K-01 Serf cleans the Machine. 02849_ R-06 Scavenger collects Electrolaser. 02851_ K-01 Serf cleans the Machine. 02853_ R-06 Scavenger collects Electrolaser. 02854_ K-01 Serf cleans the Machine. 02863_ Connecting with Terminal... 02868_ K-01 Serf destroyed. 02868_ R-06 Scavenger collects Flight Unit. Map ----- +----------------------------------------------------+ | ###### ##???# " """ #?????????????????????????? | | # ## #????# #?????????????????????????? | | ### #????# """ #?????????????????????????? | | ###### #????# """ #?????????????????????????? | | #?# #????# """ #?????????????????????????? | | ### !!#????# #?????????????????????????? | | ## [[ #????##########?????????????????????????? | | #########???????????????????????????????????????? | | #???????????????????????????????????????????????? | | #????????????##########?????????????????????????? | | #????????????# #?????????????????????????? | | #????????????#"" #?????????????????????????? | | %##############"!*! #?????????????????????????? | | %/ % % %! #"%%=! #?????????????????????????? | | ########### !+% !!%= #?????????????????????????? | | ??????????# #[ """ [ #?????????????????????????? | | ??????????# #% """ #?????????????????????????? | | ??????????# # """ #?????????????????????????? | | ??????????# # ########??????????????????? | | ??????????# ##########!!]]]]#??????????????????? | | ??????????# #????????#!! ]#????#####?????????? | | ??????????# ########## #??? #?????????? | | ?????###+## k## # #### #?????????? | | ?????# s w !! +?????????? | | ?????# % [ s < !! #?????????? | | ?????#[== r a %@ !u """ #?????????? | | ?????# ==#######" "## """ #?????????? | | ?????# % #?????#" !"! "#" """ #?????????? | | ?????+ " ??????#"""""""#T #?????????? | | ?????# ???????#########" #?????????? | | ?????# ????????????????## """ """ #?????????? | | ?????# ????????????????# """ """ ????????? | | ?????#?????????????????# """ """ ??????? | | ???????????????????????# ??? ???????? | | ???????????????????????# ! ???????????? | | ???????????????????????# ??????????? | | ???????????????????????########### #??????????? | | ??????????????????????????????????? #??????????? | | ???????????????????????????????????? #??????????? | | ?????????????????????????????????????????????????? | | ?????????????????????????????????????????????????? | | ?????????????????????????????????????????????????? | | ?????????????????????????????????????????????????? | | ?????????????????????????????????????????????????? | | ?????????????????????????????????????????????????? | | ?????????????????????????????????????????????????? | | ?????????????????????????????????????????????????? | | ?????????????????????????????????????????????????? | | ?????????????????????????????????????????????????? | | ?????????????????????????????????????????????????? | +----------------------------------------------------+ Best States ------------- Heat Dissipation 42 Energy Generation 14 Energy Capacity 280 Matter Stores 300 Matter Capacity 300 Sight Range 16 Terrain Scan Density 10 Evasion (%) 50 Recoil Reduction 2 Item Schematics ----------------- None Robot Schematics ------------------ None Fabricated ------------ Nothing Alien Tech Used ----------------- None Achievements -------------- None Challenges ------------ None Game ------ Seed ShockPoweredMatrix Manual? 0 Play Time 00:22:45 Cumulative 53.3 hours Start 2019.11.07 @ 00:45:01 End 2019.11.07 @ 01:08:58 Sessions 1 Manual Loads 0 Difficulty Rogue Special Mode None Game No. 38 Rogue 38 Adventurer 0 Explorer 0 Win Type - Total 0 Types 0/0/0/0/0/0/0 Lore% 16 Gallery% 26 Achievement% 20 Wizard Run 0 Options --------- ASCII 0 Keyboard 0 Movement Arrows Keybinds 0 Fullscreen 1 Font 18/X11Bold Map View 76x50 Tactical HUD 1 Map Filters NONE Filters NONE Steam 1 RUN: ac7c8edd-8023-450f-a23b-694b8f7e5094